Map: Abyssal Reef LE

Players

Musumeci - Winner!

  • Race: Zerg Zerg
  • League: Diamond
  • Spawn Location: 5:00

Scale

  • Race: Zerg Zerg
  • League: Diamond
  • Spawn Location: 11:00

VOD

Have the link to the VOD?

Description

Time

  • Played on: April 2, 2017, 2:47 p.m.
  • Length: 8:08
Show
View Real Time Build Order
Export as new Build Order

Musumeci Zerg - Winner!

Build Orders: Hatch First 

Get SALT Encoding   

  12  0:05  Drone  
  13  0:12  Overlord  
  13  0:17  Drone  
  13  0:20  Extractor  
  13  0:24  Drone  
  15  0:30  Drone  
  16  0:38  Drone  
  17  0:55  Hatchery  
  16  0:58  Drone  
  17  1:12  Spawning Pool, Extractor  
  17  1:15  Drone  
  16  1:20  Drone  
  16  1:23  Drone  
  18  1:31  Drone  
  19  1:42  Overlord  
  19  1:53  Drone  
  20  1:59  Queen  
  22  2:06  Queen  
  22  2:07  Zergling x2  
  22  2:08  Drone  
  26  2:13  Metabolic Boost  
  26  2:19  Spine Crawler  
  26  2:22  Zergling x2  
  26  2:27  Zergling x2  
  27  2:40  Zergling x6  
  30  2:55  Zergling x6  
  33  3:11  Zergling x4  
  33  3:12  Zergling x2  
  29  3:29  Zergling x14  
  33  3:40  Zergling x2  
  33  3:46  Zergling x2  
  34  3:51  Baneling Nest  
  33  3:57  Zergling x2  
  33  3:58  Zergling x2  
  28  4:18  Zergling x12  
  33  4:29  Zergling x8  
  36  4:36  Baneling  
  36  4:37  Baneling  
  36  4:39  Overlord  
  36  4:40  Overlord  
  36  4:46  Baneling  
  36  4:47  Baneling  
  30  5:31  Zergling x24  
  39  5:44  Baneling  
  39  5:45  Baneling x2, Zergling x2  
  39  5:46  Zergling x6  
  31  6:37  Zergling x10  
  31  6:38  Zergling x12  
  33  6:50  Zergling x2  
  33  6:51  Zergling x10  
  38  7:09  Baneling x2  
  38  7:11  Baneling x2  
  23  7:44  Zergling x8  
  23  7:45  Zergling x20  
Show
View Real Time Build Order
Export as new Build Order

Scale Zerg 

Build Orders: Pool First 

Get SALT Encoding   

  12  0:01  Drone  
  13  0:12  Overlord  
  13  0:18  Drone  
  14  0:31  Drone  
  14  0:32  Drone  
  14  0:35  Drone  
  17  0:39  Extractor  
  16  0:48  Spawning Pool  
  15  0:52  Drone  
  15  0:57  Drone  
  17  1:21  Hatchery  
  16  1:41  Zergling x6  
  16  1:45  Metabolic Boost  
  19  1:53  Zergling x2  
  20  1:57  Queen  
  22  2:19  Overlord  
  22  2:20  Baneling Nest  
  22  2:22  Zergling x2  
  22  2:37  Zergling x2  
  22  2:38  Zergling x4  
  22  2:41  Queen  
  26  2:54  Zergling x4  
  28  3:07  Baneling x2  
  28  3:13  Overlord x2  
  23  3:31  Zergling x2  
  23  3:32  Zergling x8  
  25  3:45  Drone  
  26  3:58  Baneling  
  26  4:01  Zergling x4  
  27  4:10  Baneling  
  27  4:14  Zergling x6  
  23  4:22  Zergling x4  
  24  4:30  Baneling x3  
  23  4:44  Drone x2  
  25  4:46  Drone  
  26  4:55  Drone  
  23  5:16  Zergling x8  
  23  5:17  Zergling x2  
  25  5:40  Zergling x10  
  25  5:41  Zergling x2  
  25  5:50  Baneling  
  25  5:52  Baneling  
  25  5:54  Zergling x4  
  24  6:13  Zergling x6  
  24  6:16  Baneling  
  24  6:17  Baneling  
  22  6:31  Zergling x2  
  21  6:41  Zergling x2  
  21  6:42  Queen  
  24  6:47  Zergling x4  
  24  6:53  Baneling x2  
  26  7:02  Zergling x4  
  24  7:16  Zergling x2  
  24  7:21  Baneling x2  
  21  7:37  Zergling x4  
  21  7:44  Zergling x2  
  13  7:50  Baneling x2  
Tags
 
Add a new tag
Caveats
  • Supply blocks, unpowered buildings, or Contaminate may cause inaccurate times.
  • Supply counts are checked every 10 seconds.